 Dungeon Crawl Stone Soup version 0.28.0-62-gf88900778d (webtiles) character file.

Game seed: 13746293867930382745

2960 cbfl8 the Cleaver (level 9, -13/80 HPs)
             Began as a Minotaur Berserker on May 24, 2023.
             Was a Priest of Trog.
             Mangled by an orc knight
             ... wielding a +0 battleaxe
              (36 damage)
             ... in a bailey.
             The game lasted 00:07:09 (5612 turns).

cbfl8 the Cleaver (Minotaur Berserker)              Turns: 5612, Time: 00:07:10

Health: -13/80     AC: 17    Str: 22    XL:     9   Next: 52%
Magic:  8/8        EV: 10    Int:  4    God:    Trog [***...]
Gold:   588        SH:  0    Dex: 14    Spells: 8/8 levels left

rFire   . . .      SeeInvis .   e - +0 war axe
rCold   . . .      Faith    .   (no shield)
rNeg    . . .      Spirit   .   q - +0 chain mail
rPois   .          Reflect  .   (helmet restricted)
rElec   .          Harm     +   (no cloak)
rCorr   .          Rampage  .   (no gloves)
Will    .....                   r - +2 pair of boots
Stlth   ..........              f - amulet of Qoerrea {RegenMP Harm Stlth+}
HPRegen 0.23/turn               i - +4 ring of protection
MPRegen 0.51/turn               (no ring)

@: on berserk cooldown, slowed, very slow
A: horns 2, retaliatory headbutt
a: Renounce Religion, Berserk, Trog's Hand


You were in a bailey.
You worshipped Trog.
Trog was most pleased with you.
You visited 1 branch of the dungeon, and saw 7 of its levels.
You also visited: Bailey.

You collected 588 gold pieces.

Inventory:

Hand Weapons
 e - a +0 war axe (weapon)
Armour
 q - a +0 chain mail (worn)
 r - a +2 pair of boots (worn)
Jewellery
 f - the amulet of Qoerrea (around neck) {RegenMP Harm Stlth+}
   (You found it on level 7 of the Dungeon)

   [amulet of magic regeneration]

   It increases your rate of magic regeneration.
   Harm:      It increases damage dealt and taken.
   Stlth:     It makes you more stealthy.
 i - a +4 ring of protection (left hand)
Scrolls
 b - a scroll of teleportation
 n - a scroll of silence
Potions
 a - a potion of degeneration {unknown}
 c - a potion of mutation {unknown}
 d - a potion of cancellation {unknown}
 k - 2 potions of lignification
 s - a potion of ambrosia {unknown}


   Skills:
 + Level 7.7 Fighting
 + Level 10.7 Axes
 + Level 5.2 Armour
 + Level 4.9 Dodging
 + Level 1.9 Stealth
 * Level 5.1 Evocations


You had 8 spell levels left.
You didn't know any spells.
Your spell library was empty.

Dungeon Overview and Level Annotations

Branches:
Dungeon (8/15)             Bailey (1/1)
 Temple: D:4-7         Lair: D:8-11

Altars:
Dithmenos

Shops:
D:3 [=[

Annotations:
D:4 2 transporters, Mickster's ghost, amateur HOBe


Innate Abilities, Weirdness & Mutations

You have a pair of horns on your head.
You reflexively headbutt those who attack you in melee.


Message History

A kobold brigand comes into view.
It is wielding a +0 war axe and quivering poisoned darts.
The kobold brigand hits you with a +0 war axe.
The orc knight roars a battlecry!
The orc knight goes into a battle-frenzy!
You closely miss the orc knight. Your headbutt misses the orc knight.
The orc knight is severely wounded.
You slash the kobold brigand!
You kill the kobold brigand!
Trog accepts your kill.
The orc knight hits you with a +0 broad axe!!!
* * * LOW HITPOINT WARNING * * *
You are too injured to fight recklessly!
Unknown command.
You are too injured to fight recklessly!
You completely miss the orc knight.
The orc knight is severely wounded.
The orc knight barely misses you.
You hit the orc knight. You headbutt the orc knight!!
The orc knight is almost dead.
You slice the orc knight!!
You kill the orc knight!
Trog accepts your kill.
Your Armour skill increases to level 5!
Your Evocations skill increases to level 5!
Unknown command.
You are no longer berserk.
You are exhausted.
You feel yourself slow down.
There is an open gate here.
Okay, then.
As you read the scroll of fear, it crumbles to dust.
You assume a fearsome visage.
The orc knight looks frightened!
The kobold brigand looks frightened!
The orc knight resists with some effort.
The orc knight suddenly complains, as Orcs often do.
The orc knight barely misses you. You furiously retaliate!
You headbutt the orc knight!
Cornered, the kobold brigand turns to fight!
The orc knight hits you with a +0 battleaxe!!
You die...

... ..... .o... #...
###'### ##..(..##
#...8...# #∩K...o@#
##.))..## ####'''####
##≈.......≈##
#####≈≈.......≈≈#####
#....≈≈.......≈≈....#
#.###≈≈.......≈≈###.#
#....≈≈.......≈≈....#
#.###≈≈.......≈≈###.#


You could see 2 orc knights and a kobold brigand.

Vanquished Creatures
  An orc knight (Bailey)
  A black bear (D:7)
  An ice beast (D:7)
  An orc warrior (Bailey)
  2 ogres
  2 centaurs
  9 kobold brigands
  A wyvern zombie (D:5)
  2 scorpions
  5 wights (D:7)
  A bullfrog zombie (D:5)
  2 hounds (D:4)
  An orc priest (D:5)
  A gnoll shaman (D:4)
  4 orc wizards (D:5)
  3 gnolls (D:4)
  7 adders
  A white imp (D:3)
  A worm (D:4)
  2 dart slugs
  8 orcs
  4 endoplasms
  4 giant cockroaches
  4 goblins
  10 hobgoblins
  A jackal (D:1)
  3 quokkas
  6 ball pythons
  3 bats (D:3)
  4 frilled lizards
  14 kobolds
  7 rats
116 creatures vanquished.

Vanquished Creatures (collateral kills)
  A kobold demonologist (D:8)
  3 kobold brigands (D:8)
  2 kobolds (D:8)
6 creatures vanquished.

Grand Total: 122 creatures vanquished

Notes
Turn   | Place    | Note
-------+----------+-------------------------------------------
     0 | D:1      | cbfl8 the Minotaur Berserker began the quest for the Orb.
     0 | D:1      | Reached XP level 1. HP: 19/19 MP: 0/0
   365 | D:1      | Found a faded altar of an unknown god.
   419 | D:1      | Reached XP level 2. HP: 27/27 MP: 1/1
   599 | D:1      | Reached skill level 4 in Axes
  1127 | D:2      | Reached XP level 3. HP: 29/34 MP: 2/2
  1178 | D:2      | Reached ** piety under Trog
  1516 | D:3      | Reached XP level 4. HP: 39/41 MP: 3/3
  1532 | D:3      | Found Yzohuha's Armour Emporium.
  2128 | D:3      | Found Warchykh's Jewellery Shop.
  2137 | D:3      | Reached skill level 1 in Evocations
  2178 | D:3      | Found Ygguh's Armour Shoppe.
  2558 | D:4      | Found a transporter.
  2565 | D:4      | Reached skill level 5 in Fighting
  2711 | D:4      | Reached XP level 5. HP: 48/48 MP: 4/4
  2763 | D:4      | Noticed a centaur
  2764 | D:4      | Noticed Mickster's ghost (amateur HOBe)
  2786 | D:4      | Found a transporter.
  2790 | D:4      | Reached skill level 5 in Axes
  3011 | D:4      | Reached skill level 1 in Stealth
  3011 | D:4      | Reached XP level 6. HP: 47/56 MP: 5/5
  3353 | D:4      | Reached *** piety under Trog
  3891 | D:5      | Entered Level 5 of the Dungeon
  3940 | D:5      | Reached skill level 6 in Axes
  3946 | D:5      | Reached XP level 7. HP: 61/61 MP: 6/6
  4092 | D:5      | Reached skill level 7 in Axes
  4248 | D:5      | You fall into a shaft and drop 3 floors!
  4488 | D:8      | Noticed a kobold demonologist
  4493 | D:8      | Noticed a rust devil
  4500 | D:8      | Noticed a hellwing
  4500 | D:8      | a rust devil changed into a hellwing
  4516 | D:8      | Killed a kobold demonologist
  4517 | D:8      | Reached skill level 8 in Axes
  4517 | D:8      | Reached XP level 8. HP: 27/71 MP: 7/7
  4540 | D:8      | HP: 3/71 [kobold brigand/+0 club (5)]
  4851 | D:8      | Reached skill level 9 in Axes
  4963 | D:7      | Found a shadowy altar of Dithmenos.
  4966 | D:7      | Reached XP level 9. HP: 26/77 MP: 8/8
  5001 | D:7      | Identified the amulet of Qoerrea {RegenMP Harm Stlth+}
  5044 | D:7      | Found a flagged portal.
  5160 | Bailey   | Entered a bailey
  5207 | Bailey   | Reached skill level 10 in Axes
  5592 | Bailey   | Noticed an orc knight
  5598 | Bailey   | Noticed an orc knight
  5601 | Bailey   | Noticed an orc knight
  5607 | Bailey   | Killed an orc knight
  5608 | Bailey   | Reached skill level 5 in Armour
  5608 | Bailey   | Reached skill level 5 in Evocations
  5612 | Bailey   | Mangled by an orc knight

Illustrated notes

Levels and vault maps discovered:
D:1:      shiori_arrival_maze, layout_loops_ring,
          shapermc_ecumenical_altar_totnotflames, dk_noncrumbling_2
D:2:      layout_basic
D:3:      layout_rooms, serial_shops, nicolae_lakefront_shop,
          nicolae_shop_temple_entry_statues_fountains, shop
D:4:      layout_basic, gammafunk_ghost_arena, serial_co_window_serial,
          co_window_of_opportunity_a, co_window_cross_1, co_window_cross_1,
          co_window_paths_a, co_window_corner_a, co_window_corner_b,
          co_window_corner_ca, co_window_corner_ca, glass_columns_a,
          glass_columns_a, glass_columns_b, glass_columns_a,
          roderic_roman_lattice
D:5:      layout_basic, minmay_temple_entry_sparse_star
D:7:      black_bear_nest_1, layout_loops_cross, mainiacjoe_overflow_big_doors,
          enter_bailey_2
D:8:      layout_basic, hellmonk_ghost_happy_afterlife, special_room
          [special_room_kobold]
Bailey:   bailey_axe_3, bailey

Skill      XL: |  1  2  3  4  5  6  7  8  9 |
---------------+----------------------------+-----
Fighting       | 4 5 6 7 |  7.7
Axes           | 4 5 6 8 9 10 | 10.7
Evocations     | 1 2 3 4 5 |  5.1
Dodging        | 3 4 |  4.9
Stealth        | 1 |  1.9
Armour         | 3 4 5 |  5.2

Action                   |  1- 3 |  4- 6 |  7- 9 || total
-------------------------+-------+-------+-------++-------
Melee: Hand axe          |    32 |       |       ||    32
       War axe           |    28 |    92 |   134 ||   254
       Headbutt          |     3 |     9 |    15 ||    27
       Punch             |       |     1 |     1 ||     2
Invok: Berserk           |       |     2 |     3 ||     5
       Trog's Hand       |       |       |     3 ||     3
Evoke: Wand              |       |       |     7 ||     7
  Use: Scroll            |       |       |    11 ||    11
       Potion            |       |       |     4 ||     4
 Stab: Sleeping          |       |     2 |       ||     2
Armor: Animal skin       |     4 |    30 |       ||    34
       Chain mail        |       |     8 |    69 ||    77
       Skin              |       |       |    35 ||    35
Dodge: Dodged            |    37 |    61 |    66 ||   164
